 Dungeon Crawl Stone Soup version 0.30-a0-967-g9b59a09336 (webtiles) character file.

Game seed: 18044871352939439907

177837 vampirul the Severer (level 17, -5/119 HPs)
             Began as a Gargoyle Fighter on Mar 31, 2023.
             Was the Champion of Jiyva.
             Slain by a spriggan druid
             ... wielding a +0 quarterstaff
              (12 damage)
             ... on level 4 of the Swamp.
             The game lasted 01:08:13 (20376 turns).

vampirul the Severer (Gargoyle Fighter)            Turns: 20376, Time: 01:08:14

Health: -5/119     AC: 24    Str: 34      XL:     17   Next: 52%
Magic:  17/17      EV: 13    Int: 12 (15) God:    Jiyva [******]
Gold:   1109       SH:  6    Dex:  9      Spells: 16/16 levels left

rFire   . . .      SeeInvis .    w - +1 broad axe (elec)
rCold   . . .      Faith    +    c - +0 buckler
rNeg    + + .      Spirit   .    h - +0 troll leather armour
rPois   ∞          Reflect  .    (helmet unavailable)
rElec   +          Rampage  .    Q - +1 cloak of Untruth {Regen+}
rCorr   +                        (no gloves)
Will    +....                    (no boots)
Stlth   ++                       R - amulet of Cimopn {Faith rCorr Str+4}
HPRegen 3.59/turn                M - ring of Darkness {Str+2 Int+6}
MPRegen 0.65/turn                o - ring of positive energy

@: flying
A: sickness immunity, AC +12, big wings, negative energy resistance 1,
electricity resistance, torment resistance 1, petrification resistance, claws 2,
horns 3, talons 2, iridescent scales 1, wild magic 2, translucent skin 1, jelly
sensing items, engulf
}: 2/15 runes: slimy, gossamer
a: Renounce Religion, Oozemancy, Slimify


You were on level 4 of the Swamp.
You worshipped Jiyva.
Jiyva was exalted by your worship.
You visited 5 branches of the dungeon, and saw 30 of its levels.

You collected 1312 gold pieces.
You spent 203 gold pieces at shops.

Inventory:

Hand Weapons
 a - a +1 war axe of draining
 w - a +1 broad axe of electrocution (weapon)
 P - the +11 sling of Annegis {speed, rElec rF+}
   (You found it on level 5 of the Pits of Slime)

   rF:        It protects you from fire.
   rElec:     It insulates you from electricity.
 T - a +1 broad axe of freezing
Missiles
 t - 6 throwing nets
Armour
 c - a +0 buckler (worn)
 h - a +0 troll leather armour (worn)
 p - a +0 helmet
 G - a scarf of repulsion
 Q - the +1 cloak of Untruth (worn) {Regen+}
   (You found it on level 5 of the Pits of Slime)

   Regen:     It increases your rate of health regeneration.
Jewellery
 g - an amulet of guardian spirit
 n - an amulet of faith
 o - a ring of positive energy (right claw)
 q - a ring of ice
 s - a ring of ice
 u - a +6 ring of intelligence
 y - a ring of ice
 M - the ring of Darkness (left claw) {Str+2 Int+6}
   (You found it on level 5 of the Lair of Beasts)

   [ring of intelligence]

   Str:       It affects your strength (+2).
   Int:       It affects your intelligence (+6).
 R - the amulet of Cimopn (around neck) {Faith rCorr Str+4}
   (You found it on level 5 of the Pits of Slime)

   [amulet of faith]

   It allows you to gain divine favour quickly.
   Str:       It affects your strength (+4).
   rCorr:     It protects you from acid and corrosion.
 Y - an amulet of magic regeneration
Wands
 b - a wand of light (3)
 e - a wand of iceblast (13)
 j - a wand of flame (16)
 z - a wand of mindburst (13)
 A - a wand of charming (4)
 L - a wand of digging (3)
 X - a wand of polymorph (3)
Scrolls
 k - 6 scrolls of poison
 r - 2 scrolls of silence
 D - 2 scrolls of noise
 F - 3 scrolls of magic mapping
 H - a scroll of fog
 S - 5 scrolls of teleportation
 W - a scroll of butterflies
Potions
 d - 4 potions of might
 f - 5 potions of flight
 i - 6 potions of curing
 l - a potion of haste
 m - 4 potions of brilliance
 v - 6 potions of attraction
 x - a potion of mutation
 B - 2 potions of degeneration
 C - 3 potions of ambrosia
 J - a potion of experience {unknown}
 K - 3 potions of lignification {unknown}
 N - a potion of resistance {unknown}
Miscellaneous
 E - a condenser vane
 O - a box of beasts (inert)
 U - a phial of floods


   Skills:
 - Level 18.0 Fighting
 - Level 19.0 Axes
 - Level 15.0 Armour
 + Level 6.4 Dodging
 + Level 11.2 Shields
 + Level 7.5 Evocations


You had 16 spell levels left.
You didn't know any spells.
Your spell library contained the following spells:

 Spells                   Type           Power      Damage    Failure   Level
 Foxfire                  Conj/Fire      0%         2x1d2     56%         1
 Necrotise                Necr           0%         1d4       56%         1
 Slow                     Hex            0%         N/A       56%         1
 Blink                    Tloc           0%         N/A       71%         2
 Lesser Beckoning         Tloc           0%         N/A       71%         2
 Static Discharge         Conj/Air       0%         2-2/arc   71%         2
 Confusing Touch          Hex            0%         N/A       88%         3
 Dazzling Flash           Conj/Hex       0%         N/A       88%         3
 Ignite Poison            Fire/Tmut/Pois 0%         N/A       88%         3
 Kindle Blastsparks       Fire/Tloc/Air  0%         2d10      88%         3
 Teleport Other           Tloc           0%         N/A       88%         3
 Vampiric Draining        Necr           0%         2d6       88%         3
 Vhi's Electric Charge    Tloc/Air       0%         N/A       88%         3
 Dispel Undead            Necr           0%         3d6       99%         4
 Manifold Assault         Tloc           0%         N/A       99%         4
 Petrify                  Tmut/Erth      0%         N/A       99%         4
 Agony                    Necr           0%         N/A       100%        5
 Arcjolt                  Conj/Air       0%         1d10      100%        5
 Blade Hands              Tmut           0%         N/A       100%        5
 Freezing Cloud           Conj/Ice/Air   0%         6-21      100%        5
 Metabolic Englaciation   Hex/Ice        0%         N/A       100%        5
 Yara's Violent Unravell  Hex/Tmut       0%         3d3       100%        5
 Enfeeble                 Hex            0%         N/A       100%        7
 Storm Form               Tmut/Air       0%         N/A       100%        7
 Infestation              Necr           0%         N/A       100%        8
 Maxwell's Capacitive Co  Air            0%         ∞         100%        8
 Cigotuvi's Dreadful Rot  Necr/Pois/Air  Unusable   N/A       N/A         2
 Sublimation of Blood     Necr           Unusable   N/A       N/A         2
 Statue Form              Tmut/Erth      Unusable   N/A       N/A         6

Dungeon Overview and Level Annotations

Branches:
Dungeon (12/15)              Lair (5/5) D:11          Swamp (4/4) Lair:3
 Spider (4/4) Lair:2        Slime (5/5) Lair:5
 Temple: D:4-7          Orc: D:9-12

Altars:
Ashenzari
Dithmenos
Elyvilon
Fedhas
Okawaru
Qazlal
Ru
Sif Muna
Trog
Vehumet
Yredelemnul
Jiyva

Shops:
D:8 (

Annotations:
D:7 2 transporters, Leonnitro's ghost, novice MiBe
Lair:4 exclusion: oklob plant
Swamp:4 2 runed translucent doors, confidenceinterval's ghost, adept GnIE
Spider:1 3 runed translucent doors, FlurksSlurper's ghost, journeyman DsGl
Slime:5 Royal Jelly


Innate Abilities, Weirdness & Mutations

You are immune to sickness and miasma.
Your stone body is resilient. (AC +12)
You are immune to poison.
Your large and strong wings let you fly.
You resist negative energy. (rN+)
You are resistant to electric shocks. (rElec)
You are resistant to unholy torment.
You are immune to petrification.
You have very sharp fingernails.
You have a pair of large horns on your head.
You have razor-sharp toenails.
You are partially covered in iridescent scales. (AC +2)
Your spells are harder to cast, but more powerful.
Your translucent skin slightly reduces your foes' accuracy. (Stealth+)
You have a small jelly attached to you that senses nearby items.
Your melee attacks may engulf your foes in ooze.


Message History

Your juvenile firesting beast hits the swamp worm!
The swamp worm dies!
The spriggan druid attacks as you move away!
The spriggan druid hits you but does no damage.
The alligator bites you!
* * * LOW HITPOINT WARNING * * *
The alligator tail-slaps you but does no damage.
The alligator puts on a burst of speed!
You block the alligator's attack. The alligator barely misses you.
You hear a distant slurping noise. x2
Your juvenile firesting beast stings the alligator from afar.
The alligator looks as sick as possible!
Your juvenile firesting beast poisons the alligator!
Unknown command.
As you read the scroll of fear, it crumbles to dust.
You assume a fearsome visage.
The eight-headed hydra looks frightened!
The swamp drake looks frightened!
The five-headed hydra looks frightened!
The seven-headed hydra resists with almost no effort.
The alligator resists with almost no effort.
The alligator looks frightened! x2
The eleionoma resists with almost no effort.
The spriggan druid easily resists.
The swamp worm looks frightened!
The spriggan druid hits you with a +0 quarterstaff.
* * * LOW HITPOINT WARNING * * *
The eleionoma hurls a spray of splinters at you.
The spray of wooden splinters hits you!
* * * LOW HITPOINT WARNING * * *
The alligator attacks as you move away! The alligator closely misses you.
The alligator tail-slaps you but does no damage.
The spriggan druid calls out to the beasts of the wild!
The alligator bites you!
* * * LOW HITPOINT WARNING * * *
The alligator tail-slaps you but does no damage.
You hear a distant slurping noise.
The alligator attacks as you move away! The alligator barely misses you.
The alligator tail-slaps you but does no damage.
The spriggan druid attacks as you move away!
The spriggan druid hits you with a +0 quarterstaff!
You die...

♣....~.~...~~.§..~~♣.
♣....~..§w.~.~.§.~[~.
♣♣..†~.......~§§§....
♣~.~~H..D~D.§§§~§##.
♣~......§~..$§§§#
♣§~..~..~...~~§♣#
♣♣..~..§~~..~§##
♣~~.tiR..~..~♣#
♣~...@.^..~.~♣
♣♣t.~.......~# ∆
♣♣~~[~....~~~#
♣.......~.~~.~
♣~.~t.~~.~~.~
....♣♣~~.... ♣♣~..
.~.~~~ ♣♣.♣ ~~.♣~~


You could see an eleionoma, 3 alligators, a seven-headed hydra, a five-headed
hydra (fleeing), a spriggan druid, a swamp worm (fleeing) and a friendly
juvenile firesting beast (summoned).

Vanquished Creatures
  Arachne (Spider:4)
  Mlioglotl (Swamp:3)
  Kirke (Lair:4)
  Donald (Spider:3)
  4 ghost moths
  7 emperor scorpions
  Aizul (Swamp:1)
  4 broodmothers
  An eleionoma (Swamp:1)
  A bunyip (Swamp:2)
  A shambling mangrove (Swamp:2)
  2 fire dragons
  7 entropy weavers
  2 ghost crabs
  9 hydras
  Erica (D:10)
  Harold (D:9)
  4 jorogumos
  A catoblepas (Lair:5)
  A boulder beetle (D:11)
  A radroach (Spider:2)
  A two-headed ogre (D:11)
  6 death yaks
  9 alligators
  A vampire mage (Lair:3)
  A skyshark (Lair:5)
  9 pharaoh ants
  2 sun moths
  3 goliath frogs
  4 spriggan druids
  A skeletal warrior (D:11)
  5 bog bodies
  8 orb spiders
  7 steelbarb worms
  Pikel (D:8)
  2 lindwurms (Lair:4)
  A wizard (D:11)
  2 ugly things (D:11)
  A cyclops (D:11)
  16 wolf spiders
  2 manticores (D:11)
  3 will-o-the-wisps
  2 moths of wrath
  9 elephants
  5 black mambas
  7 demonic crawlers
  12 cane toads
  4 torpor snails
  2 gargoyles
  2 unseen horrors (D:11)
  9 komodo dragons
  7 rime drakes
  A kobold demonologist (D:11)
  A yaktaur (D:11)
  12 polar bears
  A troll (D:11)
  A meliai (D:11)
  6 hornets
  5 blink frogs (Lair:5)
  17 tarantellas
  A dream sheep (Lair:3)
  2 raiju (Lair:5)
  4 tyrant leeches
  24 jumping spiders
  19 culicivoras
  6 spriggans
  2 vampires
  3 shadows
  35 yaks
  A human (Lair:3)
  3 hogs (Lair:4)
  A steam dragon (D:8)
  51 redbacks
  10 vampire mosquitoes
  6 wargs (Lair:5)
  11 swamp worms
  2 acid dragons
  15 water moccasins
  13 hell hounds (Lair:5)
  2 ice beasts
  3 orc warriors
  A sky beast (D:5)
  18 black bears
  27 wolves
  5 centaurs
  2 phantoms
  A lemure (D:8)
  6 bullfrogs
  4 gnoll sergeants
  2 scorpions (D:6)
  14 killer bees
  A howler monkey (D:6)
  3 electric eels
  6 hounds
  10 orc priests
  2 sleepcaps
  A gnoll bouda (D:6)
  13 iguanas
  12 orc wizards
  5 hell rats (Lair:2)
  7 gnolls
  4 adders
  A shadow imp (D:7)
  A white imp (D:7)
  An ufetubus (D:5)
  2 worms (D:2)
  2 dart slugs
  39 orcs
  2 giant cockroaches
  2 goblins (D:3)
  2 hobgoblins (D:2)
  8 jackals
  5 kobolds
  5 quokkas
  6 ball pythons
  2 bats (D:2)
  A frilled lizard (D:1)
  3 rats (D:2)
  A spectral orc (D:11)
681 creatures vanquished.

Vanquished Creatures (collateral kills)
  An emperor scorpion (Spider:4)
  An ogre mage (D:11)
  A catoblepas (Lair:4)
  A swamp dragon (Lair:5)
  3 orb spiders
  2 steelbarb worms
  A cyclops (D:11)
  An ugly thing (D:11)
  A demonic crawler (Spider:1)
  A freezing wraith (D:11)
  A komodo dragon (Lair:1)
  A jumping spider (Spider:2)
  2 culicivoras (Spider:2)
  A redback (Spider:2)
  A swamp worm (Swamp:4)
  An acid dragon (Lair:5)
20 creatures vanquished.

Vanquished Creatures (others)
  An emperor scorpion (Spider:3)
  An entropy weaver (Spider:3)
  A jorogumo (Spider:4)
  A cyclops (D:11)
  A vampire mosquito (Lair:3)
  A wolf (Lair:1)
  A kobold brigand (D:11)
  A howler monkey (D:5)
  56 jellies
  2 hounds (D:4)
  An orc priest (D:7)
  A sleepcap (D:5)
  2 orc wizards
  A white imp (D:8)
  4 orcs
  A ball python (D:2)
  3 bats (D:2)
  A giant cockroach (D:2)
  A kobold (D:4)
  A rat (D:2)
  10 foxfires
  47 fungi
  91 plants
230 creatures vanquished.

Grand Total: 931 creatures vanquished

Notes
Turn   | Place    | Note
-------+----------+-------------------------------------------
     0 | D:1      | vampirul the Gargoyle Fighter began the quest for the Orb.
     0 | D:1      | Reached XP level 1. HP: 14/14 MP: 1/1
    14 | D:1      | Found a faded altar of an unknown god.
    85 | D:1      | Reached skill level 2 in Axes
   506 | D:1      | Reached XP level 2. HP: 19/19 MP: 2/2
   656 | D:1      | Prayed at the altar of an unknown god.
   656 | D:1      | Became a worshipper of Jiyva Jalah the Shapeless
   656 | D:1      | Reached * piety under Jiyva
   922 | D:2      | Reached skill level 3 in Axes
   984 | D:2      | Reached XP level 3. HP: 23/23 MP: 3/3
  1065 | D:2      | Reached ** piety under Jiyva
  1562 | D:3      | Found a sacrificial altar of Ru.
  1564 | D:3      | Found a shimmering blue altar of Sif Muna.
  1565 | D:3      | Found a radiant altar of Vehumet.
  1566 | D:3      | Found a blossoming altar of Fedhas.
  1714 | D:3      | Reached *** piety under Jiyva
  1850 | D:3      | Reached XP level 4. HP: 29/29 MP: 4/4
  2164 | D:4      | Noticed an orc warrior
  2180 | D:4      | Killed an orc warrior
  2181 | D:4      | Reached skill level 4 in Axes
  2181 | D:4      | Reached XP level 5. HP: 11/34 MP: 5/5
  2252 | D:4      | Reached XP level 6. HP: 40/40 MP: 6/6
  2261 | D:4      | Reached skill level 5 in Fighting
  2289 | D:4      | Gained mutation: Your flesh is heat resistant. (rF+)
                  | [Jiyva's grace]
  2289 | D:4      | Gained mutation: Your flesh is very heat resistant. (rF++)
                  | [Jiyva's grace]
  2289 | D:4      | Gained mutation: Your flesh is almost immune to the effects
                  | of heat. (rF+++) [Jiyva's grace]
  2289 | D:4      | Gained mutation: You have large cloven feet. [Jiyva's
                  | grace]
  2922 | D:5      | Entered Level 5 of the Dungeon
  2932 | D:5      | Reached skill level 5 in Axes
  2978 | D:5      | Found a broken altar of Ashenzari.
  3015 | D:5      | Reached **** piety under Jiyva
  3050 | D:5      | Reached XP level 7. HP: 42/46 MP: 7/7
  3734 | D:6      | Reached skill level 6 in Axes
  3898 | D:6      | Reached XP level 8. HP: 53/53 MP: 8/8
  4071 | D:6      | Reached skill level 7 in Axes
  4428 | D:6      | Reached XP level 9. HP: 60/60 MP: 9/9
  4458 | D:7      | Reached ***** piety under Jiyva
  4483 | D:7      | Got Duratih's Excursus on the Transposed Graveyard
  4500 | D:7      | Reached skill level 8 in Axes
  4694 | D:7      | Noticed a moth of wrath
  4696 | D:7      | Noticed a two-headed ogre
  4699 | D:7      | Found a transporter.
  4703 | D:7      | Found a transporter.
  4704 | D:7      | Found a bloodstained altar of Trog.
  4704 | D:7      | Noticed Leonnitro's ghost (novice MiBe)
  5138 | D:8      | Reached skill level 10 in Fighting
  5295 | D:8      | Reached skill level 9 in Axes
  5425 | D:8      | Noticed Pikel
  5437 | D:8      | Killed Pikel
  5438 | D:8      | Reached XP level 10. HP: 63/69 MP: 10/10
  5544 | D:8      | Found Xyjuhah's Antique Weapon Emporium.
  5552 | D:8      | Bought a glowing broad axe for 203 gold pieces
  5733 | D:9      | Reached skill level 10 in Axes
  5826 | D:9      | Lost mutation: Your flesh is almost immune to the effects
                  | of heat. (rF+++) [Jiyva's grace]
  5826 | D:9      | Lost mutation: Your flesh is very heat resistant. (rF++)
                  | [Jiyva's grace]
  5826 | D:9      | Gained mutation: Your body has grown eyes which may confuse
                  | attackers. (Acc +3) [Jiyva's grace]
  5826 | D:9      | Gained mutation: Your body has grown many eyes which may
                  | confuse attackers. (Acc +5) [Jiyva's grace]
  5826 | D:9      | Gained mutation: Your body is covered in eyes which may
                  | confuse attackers. (Acc +7, SInv) [Jiyva's grace]
  5826 | D:9      | Gained mutation: You are robust. (+10% HP) [Jiyva's grace]
  5914 | D:9      | Noticed Harold
  5940 | D:9      | Killed Harold
  6015 | D:9      | Found a stormy altar of Qazlal.
  6019 | D:9      | Found a shadowy altar of Dithmenos.
  6020 | D:9      | Found an iron altar of Okawaru.
  6022 | D:9      | Found a white marble altar of Elyvilon.
  6139 | D:9      | Noticed a gargoyle
  6141 | D:9      | Killed a gargoyle
  6251 | D:10     | Entered Level 10 of the Dungeon
  6278 | D:10     | Noticed Erica
  6290 | D:10     | Killed Erica
  6380 | D:10     | Reached skill level 11 in Axes
  6383 | D:10     | Reached XP level 11. HP: 83/83 MP: 11/11
  6921 | D:11     | Noticed a manticore
  6921 | D:11     | Noticed a two-headed ogre
  6921 | D:11     | Noticed a skeletal warrior
  6921 | D:11     | Noticed a wizard
  6921 | D:11     | Noticed an ogre mage
  6921 | D:11     | Noticed a fire dragon
  6922 | D:11     | Noticed a cyclops
  6922 | D:11     | Noticed a white ugly thing
  6922 | D:11     | Noticed a red ugly thing
  6922 | D:11     | Noticed a green ugly thing
  6930 | D:11     | Killed an ogre mage
  6933 | D:11     | Killed a wizard
  6934 | D:11     | Killed a green ugly thing
  6941 | D:11     | Killed a fire dragon
  6945 | D:11     | Killed a manticore
  6946 | D:11     | Reached skill level 12 in Axes
  6950 | D:11     | Killed a skeletal warrior
  6950 | D:11     | Killed a red ugly thing
  6952 | D:11     | Killed a two-headed ogre
  6955 | D:11     | Killed a cyclops
  6996 | D:11     | Got Everyday Spellcraft
  7008 | D:11     | Identified the +5 flail "Nuast" {antimagic, rElec rC- rN++}
  7027 | D:11     | Noticed a manticore
  7034 | D:11     | Killed a manticore
  7035 | D:11     | Reached XP level 12. HP: 79/94 MP: 12/12
  7097 | D:11     | Reached skill level 15 in Fighting
  7101 | D:11     | Identified the +1 quarterstaff "Yscha" {drain, Will++}
  7116 | D:11     | Reached skill level 13 in Axes
  7219 | D:11     | Found a basalt altar of Yredelemnul.
  7266 | D:11     | Found a gate leading to a gauntlet.
  7274 | D:11     | Found a staircase to the Lair.
  7274 | D:11     | Noticed a boulder beetle
  7279 | D:11     | Killed a boulder beetle
  7644 | D:11     | Noticed a death yak
  7650 | D:11     | Killed a death yak
  7651 | D:11     | Reached skill level 5 in Armour
  7723 | Lair:1   | Entered Level 1 of the Lair of Beasts
  7752 | Lair:1   | Lost mutation: Your flesh is heat resistant. (rF+) [Jiyva's
                  | grace]
  7752 | Lair:1   | Lost mutation: Your body is covered in eyes which may
                  | confuse attackers. (Acc +7, SInv) [Jiyva's grace]
  7752 | Lair:1   | Gained mutation: Your mind is acute. (Int +4, Str/Dex -1)
                  | [Jiyva's grace]
  7752 | Lair:1   | Gained mutation: Your mind is very acute. (Int +8, Str/Dex
                  | -2) [Jiyva's grace]
  7752 | Lair:1   | Gained mutation: You have a small jelly attached to you
                  | that senses nearby items. [Jiyva's grace]
  7752 | Lair:1   | Gained mutation: You are strong-willed. (Will+) [Jiyva's
                  | grace]
  8496 | Lair:2   | Reached skill level 1 in Evocations
  8511 | Lair:2   | Noticed a seven-headed hydra
  8523 | Lair:2   | Reached XP level 13. HP: 88/101 MP: 13/13
  8526 | Lair:2   | Reached skill level 1 in Dodging
  8765 | Lair:2   | Lost mutation: You have large cloven feet. [Jiyva's grace]
  8765 | Lair:2   | Lost mutation: Your body has grown many eyes which may
                  | confuse attackers. (Acc +5) [Jiyva's grace]
  8765 | Lair:2   | Gained mutation: Your melee attacks may engulf your foes in
                  | ooze. [Jiyva's grace]
  8765 | Lair:2   | Gained mutation: You are partially covered in iridescent
                  | scales. (AC +2) [Jiyva's grace]
  8765 | Lair:2   | Gained mutation: You are mostly covered in iridescent
                  | scales. (AC +4) [Jiyva's grace]
  8765 | Lair:2   | Gained mutation: You are completely covered in iridescent
                  | scales. (AC +6) [Jiyva's grace]
  8766 | Lair:2   | Found a hole to the Spider Nest.
  9260 | Spider:1 | Entered Level 1 of the Spider Nest
  9348 | Spider:1 | Reached ****** piety under Jiyva
  9383 | Spider:1 | Noticed an emperor scorpion
  9414 | Spider:1 | Noticed FlurksSlurper's ghost (journeyman DsGl)
  9550 | Lair:3   | Reached skill level 5 in Shields
  9850 | Lair:3   | Found a staircase to the Swamp.
  9938 | Lair:3   | Found a runed translucent door.
 10410 | Lair:4   | Noticed Kirke
 10417 | Lair:4   | Reached skill level 10 in Armour
 10427 | Lair:4   | Killed Kirke
 10494 | Lair:4   | Lost mutation: You are strong-willed. (Will+) [Jiyva's
                  | grace]
 10494 | Lair:4   | Lost mutation: Your body has grown eyes which may confuse
                  | attackers. (Acc +3) [Jiyva's grace]
 10494 | Lair:4   | Gained mutation: Your translucent skin slightly reduces
                  | your foes' accuracy. (Stealth+) [Jiyva's grace]
 10494 | Lair:4   | Gained mutation: Your translucent skin reduces your foes'
                  | accuracy. (Stealth+) [Jiyva's grace]
 10494 | Lair:4   | Gained mutation: Your transparent skin significantly
                  | reduces your foes' accuracy. (Stealth+) [Jiyva's grace]
 10494 | Lair:4   | Gained mutation: You are covered in slimy tendrils that may
                  | disarm your opponents. [Jiyva's grace]
 10870 | Lair:4   | Gained mutation: Your large and strong wings let you fly.
                  | [Gargoyle growth]
 10870 | Lair:4   | Reached XP level 14. HP: 108/108 MP: 14/14
 11094 | Lair:4   | You are sucked into a shaft and drop 1 floor!
 11094 | Lair:5   | Entered Level 5 of the Lair of Beasts
 11108 | Lair:5   | Reached skill level 14 in Axes
 11225 | Lair:5   | Reached skill level 15 in Axes
 11310 | Lair:5   | Found a viscous altar of Jiyva.
 11342 | Lair:5   | Reached skill level 16 in Axes
 11343 | Lair:5   | Identified the ring of Darkness {Str+2 Int+6}
 11517 | Lair:5   | Found a staircase to the Slime Pits.
 11609 | Lair:5   | Reached skill level 17 in Axes
 11730 | Lair:5   | Reached skill level 18 in Axes
 12079 | Lair:5   | Reached XP level 15. HP: 114/114 MP: 15/15
 12210 | Slime:1  | Entered Level 1 of the Pits of Slime
 12210 | Slime:1  | Noticed an azure jelly
 12218 | Slime:1  | Noticed an azure jelly
 12226 | Slime:1  | Noticed an acid blob
 12227 | Slime:1  | Noticed an azure jelly
 12238 | Slime:1  | Noticed an azure jelly
 12392 | Slime:2  | Noticed an azure jelly
 12421 | Slime:2  | Noticed an acid blob
 12598 | Slime:3  | Noticed an acid blob
 12663 | Slime:3  | Noticed a rockslime
 12789 | Slime:3  | Noticed an azure jelly
 12955 | Slime:5  | Entered Level 5 of the Pits of Slime
 12957 | Slime:5  | Noticed an azure jelly
 12988 | Slime:5  | Noticed a rockslime
 13013 | Slime:5  | Noticed an acid blob
 13049 | Slime:5  | Noticed a rockslime
 13069 | Slime:5  | Noticed an acid blob
 13084 | Slime:5  | Noticed an acid blob
 13103 | Slime:5  | Noticed an azure jelly
 13114 | Slime:5  | Noticed the Royal Jelly
 13134 | Slime:5  | Found a viscous altar of Jiyva.
 13134 | Slime:5  | Noticed an azure jelly
 13134 | Slime:5  | Noticed an azure jelly
 13136 | Slime:5  | Noticed an acid blob
 13140 | Slime:5  | Identified the +0 leather armour of the Eternal Fruit
                  | {Dex+2}
 13141 | Slime:5  | Identified the +3 scale mail of the Slightly Bent {rC+
                  | Str+2 Stlth+}
 13152 | Slime:5  | Identified the +8 long sword "Itrigirch" {holy, rElec Str+5
                  | Int-2}
 13162 | Slime:5  | Identified the +11 sling of Annegis {speed, rElec rF+}
 13166 | Slime:5  | Identified the +1 cloak of Untruth {Regen+}
 13180 | Slime:5  | Got the Codex of Metamorphic Bolts
 13182 | Slime:5  | Got a slimy rune of Zot
 13183 | Slime:5  | Identified the +0 steam dragon scales of Entitlement {rC+
                  | Dex+3}
 13192 | Slime:5  | Identified the amulet of Cimopn {Faith rCorr Str+4}
 13216 | Slime:5  | Noticed an acid blob
 13240 | Slime:5  | Noticed an acid blob
 13252 | Slime:5  | Noticed a rockslime
 13575 | Spider:1 | Found a runed translucent gate.
 13576 | Spider:1 | Found a runed translucent gate.
 13578 | Spider:1 | Found a runed translucent gate.
 13623 | Spider:1 | Reached skill level 19 in Axes
 13663 | Spider:1 | Killed a ghost moth
 13710 | Spider:1 | Noticed an emperor scorpion
 13730 | Spider:1 | Killed an emperor scorpion
 14208 | Spider:2 | Lost mutation: Your mind is very acute. (Int +8, Str/Dex
                  | -2) [Jiyva's grace]
 14208 | Spider:2 | Lost mutation: You are robust. (+10% HP) [Jiyva's grace]
 14208 | Spider:2 | Lost mutation: You are covered in slimy tendrils that may
                  | disarm your opponents. [Jiyva's grace]
 14208 | Spider:2 | Gained mutation: Your spells are a little harder to cast,
                  | but a little more powerful. [Jiyva's grace]
 14208 | Spider:2 | Gained mutation: Your spells are harder to cast, but more
                  | powerful. [Jiyva's grace]
 14208 | Spider:2 | Gained mutation: Your spells are much harder to cast, but
                  | much more powerful. [Jiyva's grace]
 14208 | Spider:2 | Gained mutation: You are covered in slimy tendrils that may
                  | disarm your opponents. [Jiyva's grace]
 14588 | Spider:2 | Reached skill level 5 in Evocations
 15156 | Spider:3 | Noticed Donald
 15166 | Spider:3 | Killed Donald
 15506 | Spider:3 | Noticed an emperor scorpion
 15533 | Spider:3 | Reached XP level 16. HP: 111/112 MP: 16/16
 15895 | Spider:3 | Lost mutation: You are completely covered in iridescent
                  | scales. (AC +6) [Jiyva's grace]
 15895 | Spider:3 | Lost mutation: Your mind is acute. (Int +4, Str/Dex -1)
                  | [Jiyva's grace]
 15895 | Spider:3 | Lost mutation: Your spells are much harder to cast, but
                  | much more powerful. [Jiyva's grace]
 15895 | Spider:3 | Gained mutation: You have sharp fingernails. [Jiyva's
                  | grace]
 15895 | Spider:3 | Gained mutation: You have very sharp fingernails. [Jiyva's
                  | grace]
 15895 | Spider:3 | Gained mutation: You have claws for hands. [Jiyva's grace]
 15895 | Spider:3 | Gained mutation: You have a pair of small horns on your
                  | head. [Jiyva's grace]
 16138 | Spider:4 | Entered Level 4 of the Spider Nest
 17265 | Spider:4 | HP: 4/112 [entropy weaver (7)]
 17531 | Spider:4 | Noticed Arachne
 17638 | Spider:4 | Killed Arachne
 17706 | Spider:4 | Reached skill level 5 in Dodging
 17706 | Spider:4 | Reached skill level 10 in Shields
 17818 | Spider:4 | Got a gossamer rune of Zot
 18248 | Swamp:1  | Entered Level 1 of the Swamp
 18263 | Swamp:1  | Reached XP level 17. HP: 119/119 MP: 17/17
 18532 | Swamp:1  | Noticed Aizul
 18549 | Swamp:1  | Killed Aizul
 18737 | Swamp:2  | Lost mutation: You have claws for hands. [Jiyva's grace]
 18737 | Swamp:2  | Lost mutation: You are mostly covered in iridescent scales.
                  | (AC +4) [Jiyva's grace]
 18737 | Swamp:2  | Lost mutation: Your transparent skin significantly reduces
                  | your foes' accuracy. (Stealth+) [Jiyva's grace]
 18737 | Swamp:2  | Lost mutation: Your translucent skin reduces your foes'
                  | accuracy. (Stealth+) [Jiyva's grace]
 18737 | Swamp:2  | Lost mutation: You are covered in slimy tendrils that may
                  | disarm your opponents. [Jiyva's grace]
 18737 | Swamp:2  | Gained mutation: You have a pair of horns on your head.
                  | [Jiyva's grace]
 18737 | Swamp:2  | Gained mutation: You have a pair of large horns on your
                  | head. [Jiyva's grace]
 18737 | Swamp:2  | Gained mutation: You have sharp toenails. [Jiyva's grace]
 18737 | Swamp:2  | Gained mutation: You have razor-sharp toenails. [Jiyva's
                  | grace]
 19346 | Swamp:3  | Reached skill level 15 in Armour
 19799 | Swamp:3  | Noticed Mlioglotl
 19931 | Swamp:3  | Killed Mlioglotl
 20305 | Swamp:4  | Entered Level 4 of the Swamp
 20333 | Swamp:4  | Noticed confidenceinterval's ghost (adept GnIE)
 20339 | Swamp:4  | Found a runed translucent gate.
 20339 | Swamp:4  | Found a runed translucent gate.
 20368 | Swamp:4  | HP: 2/119 [alligator (9)]
 20376 | Swamp:4  | Slain by a spriggan druid

Illustrated notes

Levels and vault maps discovered:
D:1:      moated_graveyard_arrival, layout_basic, ebering_ecumenical_altar_rust
D:2:      layout_loops_ring
D:3:      layout_basic, mainiacjoe_overflow_alcove_3, minmay_curled_crystal
D:4:      layout_basic, minmay_temple_entry_trees, portal_sewer_entry_d
D:5:      layout_cave_pods, nicolae_overflow_crystal_walls
D:6:      layout_cave_pools, kennysheep_diamond, minmay_pentangle
D:7:      layout_basic, gammafunk_ghost_wrathful_warriors
D:8:      layout_basic, serial_shops, nicolae_shop_hallway_stairs, uniq_pikel
D:9:      layout_gridville, minitemple, uniq_harold
D:10:     layout_roguey, uniq_erica
D:11:     minmay_the_grid_octo_triangle [minmay_the_grid_octo_horde,
          minmay_the_grid_octo_prize_big_c, minmay_the_grid_octo_checkerflower],
          layout_loops_ring, david_lair_generic, gauntlet_entry_generic,
          yredelemnul_forgotten_temple_becter
D:12:     layout_roguey, david_orc_3, serial_shops, shop
Lair:1:   layout_regular_city, dreamdust_deal_with_the_devil,
          cheibrodos_lair_reptile_den, grunt_megastairs_3
Lair:2:   layout_gridlike, dummy_spider_entry, serial_bayou_shore_b
Lair:3:   layout_chaotic_city, minmay_swamp_entry_swarm, serial_rivers,
          chequers_serial_rivers_micro_b, chequers_serial_rivers_large_a,
          chequers_serial_rivers_small_b, chequers_serial_rivers_micro_c,
          pdpol_lair_cabin_in_the_woods
Lair:4:   cheibrodos_lair_overgrown_chateau, layout_hall_layers,
          chequers_serial_rivers_micro_b, uniq_kirke
Lair:5:   hangedman_lair_caniforms_friends, layout_loops_ring,
          guppyfry_lair_end_dragon, slime_entry_1, serial_bayou_shore_a
Swamp:1:  layout_basic_swamp, nicolae_swamp_orc_logging_accident, swamp_pool1,
          infiniplex_staircase_pool, uniq_aizul
Swamp:2:  layout_basic_swamp, evilmike_swamp_ruin_house_5, swamp_pool4
Swamp:3:  layout_falls_marsh, nicolae_swamp_round_clearing, uniq_mlioglotl
Swamp:4:  swamp_alternative, layout_basic_swamp, gammafunk_ghost_split,
          swamp_pool5
Spider:1: layout_spider_delve, gammafunk_ghost_split
Spider:2: layout_spider_delve
Spider:3: layout_chambers, uniq_donald
Spider:4: grunt_spider_rune_circles, uniq_arachne
Slime:1:  layout_caves
Slime:2:  layout_caves
Slime:3:  layout_caves
Slime:4:  layout_caves
Slime:5

Skill      XL: |  1  2  3  4  5  6  7  8  9 10 11 12 13 14 15 16 17 |
---------------+----------------------------------------------------+-----
Axes           | 2 3 4 5 6 7 9 11 12 13 18 19 | 19.0
Fighting       | 4 6 7 8 11 12 14 15 16 17 18 | 18.0
Armour         | 8 11 12 13 14 15 | 15.0
Evocations     | 1 3 5 6 7 |  7.5
Dodging        | 3 5 6 |  6.4
Shields        | 5 8 10 11 | 11.2

Action                     |  1- 3 |  4- 6 |  7- 9 | 10-12 | 13-15 | 16-18 || total
---------------------------+-------+-------+-------+-------+-------+-------++-------
  Melee: War axe           |   104 |    95 |   267 |       |       |       ||   466
         Kick              |       |    12 |    55 |    99 |     4 |    46 ||   216
         Broad axe         |       |       |       |   245 |   952 |   560 ||  1757
         Headbutt          |       |       |       |       |       |   128 ||   128
  Throw: Throwing net      |       |       |       |     4 |       |       ||     4
 Invoke: Oozemancy         |       |       |       |     6 |     1 |     1 ||     8
  Evoke: Wand              |       |       |       |       |     5 |    10 ||    15
         Box of beasts     |       |       |       |       |       |     2 ||     2
    Use: Scroll            |     6 |     3 |       |     7 |     2 |    13 ||    31
         Potion            |       |       |       |     1 |     2 |     8 ||    11
   Stab: Confused          |       |       |       |     7 |     3 |       ||    10
         Sleeping          |       |       |       |       |     3 |     1 ||     4
         Petrified         |       |       |       |       |     6 |       ||     6
         Petrifying        |       |       |       |       |     1 |       ||     1
         Distracted        |       |       |       |       |     1 |       ||     1
 Armour: Scale mail        |    65 |    51 |   150 |    63 |       |       ||   329
         Troll leather arm |       |       |       |    39 |   780 |   680 ||  1499
  Dodge: Dodged            |    45 |    33 |   122 |   128 |   743 |   570 ||  1641
  Block: Buckler           |    14 |    15 |    42 |    40 |   265 |   236 ||   612

Table legend: (Time is in decaauts)
 A = Elapsed time spent in this place.
 B = Non-inter-level travel time spent in this place.
 C = Inter-level travel time spent in this place.
 D = Time resting spent in this place.
 E = Time spent auto-exploring this place.
 F = Levels seen in this place.
 G = Mean time per level.
                   A        B        C        D        E       F      G
               +--------+--------+--------+--------+--------+-----+--------+
         Total |  20237 |  18892 |   1345 |   1735 |  12728 |  30 |  674.6 |
       Dungeon |   7846 |   7485 |    361 |     70 |   5937 |  12 |  653.8 |
          Lair |   4453 |   3962 |    491 |     18 |   2873 |   5 |  890.6 |
         Swamp |   2093 |   2047 |     46 |    589 |   1037 |   4 |  523.2 |
   Spider Nest |   4724 |   4449 |    275 |   1058 |   2049 |   4 | 1181.0 |
    Slime Pits |   1118 |    946 |    172 |      0 |    832 |   5 |  223.6 |
               +--------+--------+--------+--------+--------+-----+--------+

Top non-repeatable levels by time:
Spider:3: 2083 daAuts
 Swamp:2: 1201 daAuts
Spider:1: 1144 daAuts
  Lair:5: 1089 daAuts
Spider:4: 1003 daAuts
  Lair:2: 977 daAuts
  Lair:3: 924 daAuts
    D:11: 902 daAuts
     D:5: 822 daAuts
     D:1: 820 daAuts
     D:4: 798 daAuts
     D:6: 749 daAuts
  Lair:4: 744 daAuts
  Lair:1: 717 daAuts
     D:2: 696 daAuts
